 Dungeon Crawl Stone Soup version 0.31-a0-263-ge8cad7f256 (webtiles) character file.

Game seed: 9270177355484017367

939 qw the Skirmisher (level 7, -5/60 HPs)
             Began as a Minotaur Hexslinger on July 13, 2023.
             Slain by Sigmund
             ... wielding a +2 scythe of protection
              (10 damage)
             ... on level 5 of the Dungeon.
             The game lasted 00:01:32 (4045 turns).

qw the Skirmisher (Minotaur Hexslinger)             Turns: 4045, Time: 00:01:33

Health: -5/60      AC:  8    Str: 13    XL:     7   Next: 87%
Magic:  7/7        EV: 11    Int: 10    God:
Gold:   185        SH:  0    Dex: 14    Spells: 7/8 levels left

rFire   . . .        Y - +1 shortbow (heavy)
rCold   . . .        (shield currently unavailable)
rNeg    . . .        m - +0 ring mail
rPois   .            (helmet restricted)
rElec   .            k - +2 cloak
rCorr   .            (no gloves)
SInv    .            (no boots)
Will    .....        (no amulet)
Stlth   +            (no ring)
HPRegen 0.30/turn    (no ring)
MPRegen 0.10/turn

%: no passive effects
@: no status effects
A: horns 2, retaliatory headbutt
a: no special abilities


You were on level 5 of the Dungeon.
You visited 2 branches of the dungeon, and saw 6 of its levels.

You collected 185 gold pieces.


Innate Abilities, Weirdness & Mutations

You have a pair of horns on your head.
You reflexively headbutt those who attack you in melee.


   Skills:
 + Level 4.7 Fighting
 - Level 9.1 Ranged Weapons
 - Level 1.0 Armour
 - Level 2.1 Dodging
 - Level 1.0 Spellcasting
 - Level 2.0 Hexes


You had 7 spell levels left.
You knew the following spells:

 Your Spells              Type           Power      Damage    Failure   Level
a - Slow                  Hex            16%        N/A       32%         1

Your spell library contained the following spells:

 Spells                   Type           Power      Damage    Failure   Level
 Inner Flame              Hex/Fire       2%         N/A       82%         3
 Portal Projectile        Hex/Tloc       4%         N/A       82%         3
 Cause Fear               Hex            2%         N/A       97%         4

Inventory:

Hand Weapons
 Y - a +1 heavy shortbow (weapon)
Armour
 k - a +2 cloak (worn)
 m - a +0 ring mail (worn)
Scrolls
 n - 2 scrolls of identify
Potions
 d - a potion of resistance {unknown}
 e - a potion of cancellation {unknown}
 f - a potion of invisibility {unknown}
 g - a potion of curing
 i - a potion of ambrosia {unknown}

Dungeon Overview and Level Annotations

Branches:
Dungeon (5/15)             Temple (1/1) D:5

Altars:
Ashenzari
Cheibriados
Dithmenos
Elyvilon
Kikubaaqudgha
Makhleb
Uskayaw
Vehumet
Xom
Yredelemnul
The Shining One

Shops:
D:1 =

Annotations:
D:5 Sigmund


Message History

That felt strangely unrewarding.
Sigmund gestures wildly while chanting.
Sigmund flickers and vanishes!
Deactivating autopickup; reactivate with Ctrl-A.
You shoot an arrow. The arrow hits the lemure!
The lemure is heavily wounded.
The lemure hits you. x2
You shoot an arrow. The arrow hits the lemure!
You kill the lemure!
That felt strangely unrewarding.
You hear some strange, mumbled words.
A puff of flame appears from out of thin air!
The puff of flame misses you. Something hits you!
You shoot an arrow. The arrow hits Pikel!
Pikel is moderately wounded.
Pikel hits you with a +1 whip of electrocution.
Something hits you.
You shoot an arrow. The arrow closely misses Pikel.
Pikel barely misses you.
Pikel hits you with a +1 whip of electrocution.
Something hits you but does no damage. The lemure hits you.
You shoot an arrow. The arrow hits Pikel!
Pikel is heavily wounded.
Pikel misses you. You furiously retaliate!
You headbutt Pikel!
The lemure hits you. x2; Something hits you.
The lemure closely misses you. x2
Pikel closely misses you.
You shoot an arrow. The arrow hits Pikel!
Pikel is almost dead.
Pikel hits you but does no damage. The lemure barely misses you.
The lemure hits you. Something hits you.
You shoot an arrow. The arrow hits Pikel!
You kill Pikel!
With Pikel's spell broken, his former minions thank you for their freedom.
The lemure departs this earthly plane. x2; Something hits you!
Your Ranged Weapons skill gained 2 levels and is now at level 9!
You shoot an arrow. Something hits you.
You shoot an arrow. Something hits you!
You die...

#........ #.......
##...... ..>...
#.... #..{ ####.)#
##...ยค@# .
#P.P##.# ...
####.###.#
o....####P#...#P.#
............>....#
.....####P#...#P.#
### ####.###.#
#P.P##.#
##.###.########


There were no monsters in sight!

Vanquished Creatures
  Pikel (D:5)
  Menkaure (D:4)
  An ogre (D:4)
  2 lemures (D:5)
  2 hounds (D:4)
  2 orc priests (D:4)
  A sleepcap (D:4)
  An orc wizard (D:5)
  3 adders (D:3)
  5 dart slugs
  12 orcs
  10 endoplasms
  4 giant cockroaches
  10 goblins
  7 hobgoblins
  4 jackals (D:1)
  12 ball pythons
  4 bats
  5 frilled lizards
  7 kobolds
  3 rats
97 creatures vanquished.

Notes
Turn   | Place    | Note
-------+----------+-------------------------------------------
     0 | D:1      | qw the Minotaur Hexslinger began the quest for the Orb.
     0 | D:1      | Reached XP level 1. HP: 16/16 MP: 1/1
     0 | D:1      | 0 ||| qw: Version: 0.3-a-52-g30416fa
     0 | D:1      | 0 ||| qw: Game counter: 7041
     0 | D:1      | 0 ||| qw: Melee chars always use a shield: true
     0 | D:1      | 0 ||| qw: God list: Okawaru
     0 | D:1      | 0 ||| qw: Allow faded altars: false
     0 | D:1      | 0 ||| qw: Do Orc after clearing Dungeon:15 true
     0 | D:1      | 0 ||| qw: Do second Lair branch before Depths: true
     0 | D:1      | 0 ||| qw: Lair rune preference: random
     0 | D:1      | 0 ||| qw: Goals: Normal
     0 | D:1      | 0 ||| PLANNING D:1-11
    89 | D:1      | Reached skill level 3 in Ranged Weapons
    89 | D:1      | Reached XP level 2. HP: 21/23 MP: 2/2
   362 | D:1      | Found Nebaunli's Jewellery Shoppe.
   399 | D:1      | 399 ||| SHOPLISTING +6 ring of dexterity (360 gold, have
                  | 19).
   399 | D:1      | 399 ||| SHOPLISTING amulet of faith (400 gold, have 19).
   399 | D:1      | 399 ||| SHOPLISTING amulet of regeneration (300 gold, have
                  | 19).
   399 | D:1      | 399 ||| SHOPLISTING ring of protection from cold (250 gold,
                  | have 19).
   399 | D:1      | 399 ||| SHOPLISTING ring of the Seeker {rC+ SInv} (362
                  | gold, have 19).
   426 | D:1      | You fall into a shaft and drop 1 floor!
   432 | D:2      | 432 ||| READING scroll labelled KATAQE FOSOWI.
   433 | D:2      | 433 ||| READING scroll labelled HINKI OHOCAPRO.
   434 | D:2      | 434 ||| DROPPING scroll of poison.
   586 | D:1      | Reached XP level 3. HP: 29/29 MP: 3/3
  1025 | D:2      | Reached skill level 4 in Ranged Weapons
  1339 | D:2      | Found a basalt altar of Yredelemnul.
  1420 | D:2      | 1420 ||| READING scroll labelled LUMUIQ NEE.
  1445 | D:3      | 1445 ||| STAIRDANCE
  1478 | D:3      | 1478 ||| STAIRDANCE
  1556 | D:3      | 1556 ||| FLEEEEING.
  1557 | D:3      | 1557 ||| FLEEEEING.
  1558 | D:3      | 1558 ||| FLEEEEING.
  1559 | D:3      | 1559 ||| FLEEEEING.
  1560 | D:3      | 1560 ||| FLEEEEING.
  1561 | D:3      | 1561 ||| FLEEEEING.
  1562 | D:3      | 1562 ||| FLEEEEING.
  1661 | D:3      | Reached XP level 4. HP: 21/36 MP: 4/4
  1918 | D:3      | 1918 ||| SWAPPING to +0 shortbow.
  1919 | D:3      | 1919 ||| DROPPING +1 sling.
  2368 | D:3      | Reached skill level 5 in Ranged Weapons
  2368 | D:3      | 2368 ||| FLEEEEING.
  2369 | D:3      | 2369 ||| FLEEEEING.
  2371 | D:3      | 2371 ||| FLEEEEING.
  2372 | D:3      | 2372 ||| FLEEEEING.
  2373 | D:3      | 2373 ||| FLEEEEING.
  2374 | D:3      | 2374 ||| FLEEEEING.
  2375 | D:3      | 2375 ||| FLEEEEING.
  2376 | D:3      | 2376 ||| FLEEEEING.
  2377 | D:3      | 2377 ||| FLEEEEING.
  2378 | D:3      | 2378 ||| FLEEEEING.
  2379 | D:3      | 2379 ||| FLEEEEING.
  2380 | D:3      | 2380 ||| FLEEEEING.
  2381 | D:3      | 2381 ||| FLEEEEING.
  2382 | D:3      | 2382 ||| FLEEEEING.
  2383 | D:3      | 2383 ||| FLEEEEING.
  2384 | D:3      | 2384 ||| FLEEEEING.
  2385 | D:3      | 2385 ||| FLEEEEING.
  2386 | D:3      | 2386 ||| FLEEEEING.
  2387 | D:3      | 2387 ||| FLEEEEING.
  2388 | D:3      | 2388 ||| FLEEEEING.
  2389 | D:3      | 2389 ||| FLEEEEING.
  2390 | D:3      | 2390 ||| FLEEEEING.
  2391 | D:3      | 2391 ||| FLEEEEING.
  2703 | D:3      | 2703 ||| UPGRADING to +0 leather armour.
  2713 | D:3      | 2713 ||| DROPPING +0 robe.
  2714 | D:3      | 2714 ||| UPGRADING to +0 cloak.
  2719 | D:3      | 2719 ||| UPGRADING to +0 ring mail.
  2729 | D:3      | 2729 ||| DROPPING +0 leather armour.
  2730 | D:3      | 2730 ||| READING scroll of enchant armour.
  2730 | D:3      | 2730 ||| ENCHANTING +0 cloak.
  2731 | D:3      | 2731 ||| READING scroll labelled NERAER RESIUFO.
  2732 | D:3      | 2732 ||| READING scroll labelled UMUAZITHRIRR.
  2733 | D:3      | 2733 ||| READING scroll labelled MOCICH JIVUOPE.
  2830 | D:4      | 2830 ||| FLEEEEING.
  2831 | D:4      | 2831 ||| FLEEEEING.
  2832 | D:4      | 2832 ||| FLEEEEING.
  2833 | D:4      | 2833 ||| FLEEEEING.
  2834 | D:4      | 2834 ||| FLEEEEING.
  2835 | D:4      | 2835 ||| FLEEEEING.
  2836 | D:4      | 2836 ||| FLEEEEING.
  2837 | D:4      | 2837 ||| STAIRDANCE
  2865 | D:4      | 2865 ||| STAIRDANCE
  2902 | D:4      | Reached skill level 1 in Armour
  2907 | D:4      | Reached skill level 3 in Fighting
  2907 | D:4      | Reached XP level 5. HP: 45/45 MP: 5/5
  3187 | D:4      | 3187 ||| READING scroll of enchant armour.
  3187 | D:4      | 3187 ||| ENCHANTING +1 cloak.
  3296 | D:4      | Noticed Menkaure
  3304 | D:4      | Killed Menkaure
  3305 | D:4      | Reached skill level 6 in Ranged Weapons
  3305 | D:4      | Reached XP level 6. HP: 34/51 MP: 6/6
  3661 | D:4      | Reached skill level 7 in Ranged Weapons
  3755 | D:4      | 3755 ||| READING scroll labelled TIHERAYNAU.
  3758 | D:4      | 3758 ||| READING scroll labelled FAXA OK ILIN.
  3759 | D:4      | 3759 ||| DRINKING 2 cyan potions.
  3760 | D:4      | 3760 ||| DRINKING 2 coppery potions.
  3761 | D:4      | 3761 ||| DRINKING 2 lumpy purple potions.
  3762 | D:4      | 3762 ||| READING 2 scrolls of identify.
  3762 | D:4      | 3762 ||| IDENTIFYING inky potion
  3763 | D:4      | 3763 ||| DROPPING potion of degeneration.
  3764 | D:4      | 3764 ||| DROPPING potion of attraction.
  3765 | D:4      | 3765 ||| DROPPING potion of brilliance.
  3786 | D:5      | Entered Level 5 of the Dungeon
  3804 | D:5      | Found a staircase to the Ecumenical Temple.
  3805 | D:5      | 3805 ||| PLANNING TEMPLE
  3812 | Temple   | Entered the Ecumenical Temple
  3966 | Temple   | 3966 ||| PLANNING D:1-11
  3987 | D:5      | 3987 ||| FLEEEEING.
  4008 | D:5      | Reached XP level 7. HP: 55/60 MP: 7/7
  4033 | D:5      | Noticed Sigmund
  4035 | D:5      | Noticed Pikel
  4043 | D:5      | Killed Pikel
  4043 | D:5      | HP: 10/60 [something (12)]
  4044 | D:5      | Reached skill level 9 in Ranged Weapons
  4045 | D:5      | Slain by Sigmund

Levels and vault maps discovered:
D:1:      dpeg_arrival_lava_altar, layout_loops_corners, serial_shops,
          nicolae_shop_gaudy_bauble, nrook_mini_vaults
D:2:      layout_basic, basic_altar
D:3:      kennysheep_big_flooded_room, layout_basic
D:4:      layout_gridville, uniq_menkaure
D:5:      layout_basic, nicolae_qazlal_general_emergency,
          minmay_temple_entry_gardened_gates, uniq_pikel, uniq_blork_the_orc,
          uniq_sigmund, uniq_prince_ribbit1
Temple:   bh_familiar_temple

Skill      XL: |  1  2  3  4  5  6  7 |
---------------+----------------------+-----
Ranged Weapons | 3 4 5 6 7 9 |  9.1
Fighting       | 2 3 4 |  4.7
Armour         | 1 |  1.0
Dodging        | |  2.1
Spellcasting   | |  1.0
Hexes          | |  2.0

Action                     |  1- 3 |  4- 6 |  7- 9 || total
---------------------------+-------+-------+-------++-------
   Fire: Sling             |   133 |     7 |       ||   140
         Shortbow          |       |   141 |    13 ||   154
    Use: Scroll            |     3 |     8 |       ||    11
         Potion            |       |     3 |       ||     3
 Armour: Robe              |     8 |     1 |       ||     9
         Ring mail         |       |    15 |     3 ||    18
  Dodge: Dodged            |    42 |    41 |     7 ||    90

Table legend:
 A = Non-vault XP
 B = Vault XP
 C = Vault XP percentage of total XP
 D = Non-vault monster count
 E = Vault monster count
 F = Vault count percentage of total count
                 A         B        C        D         E       F
            +---------+---------+-------+---------+---------+-------
      Total |     559 |     783 |  58.3 |      91 |       4 |   4.2
            +---------+---------+-------+---------+---------+-------
        D:1 |      55 |       0 |   0.0 |      30 |       0 |   0.0
        D:2 |      22 |       0 |   0.0 |      11 |       0 |   0.0
        D:3 |      71 |      15 |  17.4 |      24 |       2 |   7.7
        D:4 |     378 |     175 |  31.6 |      25 |       1 |   3.8
        D:5 |      33 |     593 |  94.7 |       1 |       1 |  50.0
            +---------+---------+-------+---------+---------+-------
